 Dungeon Crawl Stone Soup version 0.30-a0-758-gc2c871d025 (webtiles) character file.

Game seed: 945378061696828703

69581 Ijustatesigmund the Necromancer (level 14, -8/78 HPs)
             Began as a Deep Elf Conjurer on Feb 9, 2023.
             Was a High Priest of Vehumet.
             Mangled by an orc warrior
             ... wielding a +0 halberd
             ... led by an orc knight
              (9 damage)
             ... on level 2 of the Orcish Mines on Feb 10, 2023.
             The game lasted 01:30:54 (31625 turns).

Ijustatesigmund the Necromancer (DECj)             Turns: 31625, Time: 01:30:55

Health: -8/78      AC: 15    Str:  8    XL:     14   Next: 90%
Magic:  34/45      EV: 14    Int: 28    God:    Vehumet [*****.]
Gold:   1081       SH:  0    Dex: 12    Spells: 5/46 levels left

rFire   + . .      SeeInvis +    v - +5 dagger "Ereilem" {pain, rF+ SInv}
rCold   . . .      Faith    .    (no shield)
rNeg    . . .      Spirit   .    a - +0 troll leather armour
rPois   .          Reflect  .    (no helmet)
rElec   .          Harm     .    m - +1 cloak
rCorr   .          Rampage  .    b - +0 pair of gloves
Will    +....                    l - +2 pair of boots
Stlth   ++                       (no amulet)
HPRegen 1.13/turn                e - +4 ring of protection
MPRegen 0.29/turn                E - ring of magical power

@: no status effects
A: talons 1, strong 1
a: Renounce Religion


You were on level 2 of the Orcish Mines.
You worshipped Vehumet.
Vehumet was extremely pleased with you.
You visited 4 branches of the dungeon, and saw 19 of its levels.
You also visited: Ice Cave.

You collected 1081 gold pieces.

Inventory:

Hand Weapons
 g - a +2 short sword of venom
 v - the +5 dagger "Ereilem" (weapon) {pain, rF+ SInv}
   (You found it on level 7 of the Dungeon)

   rF:        It protects you from fire.
   SInv:      It lets you see invisible.
 I - the +4 quarterstaff of Tenacity {flame, rF- rN+ rCorr Stlth+}
   (You found it on level 1 of the Lair of Beasts)

   rF:        It makes you vulnerable to fire.
   rN:        It protects you from negative energy.
   rCorr:     It protects you from acid and corrosion.
   Stlth:     It makes you more stealthy.
Missiles
 z - 3 throwing nets
Armour
 a - a +0 troll leather armour (worn)
 b - a +0 pair of gloves (worn)
 l - a +2 pair of boots (worn)
 m - a +1 cloak (worn)
 s - a +1 robe
 u - the +0 ring mail "Decifus" {+Inv rN++ Regen+ Int+3}
   (You found it on level 11 of the Dungeon)

   Int:       It affects your intelligence (+3).
   rN:        It greatly protects you from negative energy.
   +Inv:      It lets you turn invisible.
   Regen:     It increases your rate of health regeneration.
 J - a +2 leather armour of poison resistance
 M - the +0 scale mail "Tattealo" {rElec rN+++ Regen+ Str-2}
   (You found it on level 5 of the Lair of Beasts)

   Str:       It affects your strength (-2).
   rElec:     It insulates you from electricity.
   rN:        It renders you almost immune to negative energy.
   Regen:     It increases your rate of health regeneration.
Jewellery
 e - a +4 ring of protection (left hand)
 i - a ring of positive energy
 n - a ring of fire
 o - a ring of see invisible
 p - a ring of resist corrosion
 w - a ring of positive energy
 E - a ring of magical power (right hand)
 N - a ring of fire
Wands
 k - a wand of polymorph (11)
 r - a wand of flame (25)
 K - a wand of digging (5)
Scrolls
 c - 4 scrolls of amnesia
 f - 2 scrolls of enchant weapon
 j - 11 scrolls of teleportation
 y - a scroll of immolation
 F - a scroll of torment
 H - 5 scrolls of identify
Potions
 d - a potion of magic
 h - 7 potions of attraction
 q - a potion of haste
 t - 4 potions of curing
 x - 2 potions of lignification
 A - 3 potions of ambrosia
 B - 2 potions of mutation
 C - 3 potions of might
 D - 4 potions of flight
 L - a potion of brilliance


   Skills:
 - Level 5.0 Fighting
 - Level 3.0 Short Blades
 - Level 5.1 Armour
 - Level 8.8 Dodging
 - Level 2.4 Stealth
 + Level 16.6 Spellcasting
 - Level 13.0 Conjurations
 - Level 17.9 Necromancy
 - Level 9.3 Transmutations
 - Level 9.2 Fire Magic
 + Level 0.1 Ice Magic
 - Level 4.3 Evocations


You had 5 spell levels left.
You knew the following spells:

 Your Spells              Type           Power      Damage    Failure   Level
a - Magic Dart            Conj           100%       1d8       0%          1
b - Searing Ray           Conj           100%       2d8       0%          2
c - Irradiate             Conj/Tmut      36%        3d23      1%          5
d - Agony                 Necr           89%        N/A       1%          5
e - Fireball              Conj/Fire      35%        3d15      1%          5
f - Orb of Destruction    Conj           38%        9d11      3%          7
g - Flame Wave            Conj/Fire      71%        2d16      1%          4
h - Starburst             Conj/Fire      35%        6d10      1%          6
i - Simulacrum            Ice/Necr       32%        N/A       11%         6

Your spell library contained the following spells:

 Spells                   Type           Power      Damage    Failure   Level
 Necrotise                Necr           100%       1d9       0%          1
 Sublimation of Blood     Necr           89%        N/A       0%          2
 Vampiric Draining        Necr           89%        2d12      0%          3
 Sting                    Tmut/Pois      100%       1d8       1%          1
 Poisonous Vapours        Pois/Air       46%        N/A       1%          2
 Dazzling Flash           Conj/Hex       100%       N/A       1%          3
 Mephitic Cloud           Conj/Pois/Air  47%        N/A       1%          3
 Fulminant Prism          Conj/Hex       28%        3d13      1%          4
 Iskenderun's Mystic Bla  Conj/Tloc      56%        2d12      1%          4
 Iskenderun's Battlesphe  Conj           77%        2d13      1%          5
 Slow                     Hex            92%        N/A       2%          1
 Freezing Cloud           Conj/Ice/Air   23%        6-21      3%          5
 Call Imp                 Summ           23%        N/A       4%          2
 Petrify                  Tmut/Erth      49%        N/A       4%          4
 Olgreb's Toxic Radiance  Pois           23%        N/A       8%          4
 Confusing Touch          Hex            23%        N/A       9%          3
 Gell's Gravitas          Tloc           23%        N/A       9%          3
 Teleport Other           Tloc           23%        N/A       9%          3
 Conjure Ball Lightning   Conj/Air       28%        3x3d8     8%          6
 Dispersal                Tloc           11%        N/A       99%         6
 Polar Vortex             Ice            12%        N/A       100%        9


Dungeon Overview and Level Annotations

Branches:
Dungeon (11/15)            Temple (1/1) D:6            Lair (5/5) D:8
  Swamp (0/4) Lair:3       Spider (0/4) Lair:3        Slime (0/5) Lair:4
    Orc (2/2) D:9           IceCv (visited)
    Elf: Orc:2

Altars:
Ashenzari
Cheibriados
Dithmenos
Elyvilon
Fedhas
Gozag
Hepliaklqana
Kikubaaqudgha
Makhleb
Nemelex Xobeh
Okawaru
Qazlal
Ru
Sif Muna
Trog
Uskayaw
Vehumet
Wu Jian
Xom
Yredelemnul
Zin
The Shining One
Jiyva

Shops:
D:1 *?

Portals:
Trove: D:11 (give 4 scrolls of fog)

Annotations:
D:1 2 transporters
D:8 3 transporters
D:10 Joseph


Innate Abilities, Weirdness & Mutations

You have sharp toenails.
Your muscles are strong. (Str +4, Int/Dex -1)


Message History

Done exploring.
Okay, then.
There is a stone staircase leading down here.
You climb downwards.
The orc warrior shouts! x2; The troll shouts!
The orc warrior shouts! x2
You hear a shout!
Found 84 gold pieces.
Found an escape hatch in the ceiling.
There is a stone staircase leading up here.
Casting: Fireball (mildly dangerous; 1% risk of failure)
Confirm with . or Enter, or press ? or * to list all spells.
Aiming: Orb of Destruction (dangerous; 3% risk of failure)
Press: ? - help, Shift-Dir - straight line, f - orc knight
Aim: an orc knight, wielding a +2 glaive of freezing and wearing a +0 plate armour (wandering, hasn't noticed you)
The orc knight shouts!
The wavering orb of destruction hits the orc knight!!!
The orc knight is heavily wounded.
The orc knight hits you from afar with a +2 glaive of freezing!
The orc knight freezes you!
Casting: Orb of Destruction (dangerous; 3% risk of failure)
Confirm with . or Enter, or press ? or * to list all spells.
Aiming: Fireball (mildly dangerous; 1% risk of failure)
Press: ? - help, Shift-Dir - straight line, p - orc knight The fireball explodes!
The fireball engulfs the orc knight!!
The orc knight is severely wounded.
The fireball engulfs the orc warrior!!
The orc warrior is severely wounded.
The fireball engulfs the orc warrior!
The orc warrior is moderately wounded.
You hear a shout! x2
The orc warrior hits you from afar with a +3 halberd!!
The orc knight hits you from afar with a +2 glaive of freezing!
The orc knight freezes you.
* * * LOW HITPOINT WARNING * * *
The orc warrior hits you from afar with a +0 halberd.
* * * LOW HITPOINT WARNING * * *
The orc warrior hits you from afar with a +3 halberd!
* * * LOW HITPOINT WARNING * * *
The orc knight hits you but does no damage.
The orc warrior hits you from afar with a +0 halberd!
You die...

....###..$...
.....#....$.
...........#
...........##
............##
#.....oooo...
#.....$.°o#
...T...@<#
..........#
...$#........
...
###........ .
#......#.
###......
...... .....#


You could see an orc knight, a troll and 4 orc warriors.

Vanquished Creatures
  5 dire elephants (Lair:5)
  8 hydras
  A ghost crab (Lair:3)
  2 catoblepae
  A boulder beetle (Lair:5)
  Urug (Lair:5)
  10 death yaks
  Amaemon (D:10)
  2 spectral death yaks (Lair:5)
  A spectral anaconda (Lair:5)
  An obsidian statue (Lair:5)
  4 necromancers
  A manticore (D:11)
  A cyclops (D:11)
  16 elephants
  Maurice (D:10)
  A dire elephant zombie (Lair:5)
  An ice statue (IceCv)
  An orange demon (D:10)
  A rime drake (Lair:2)
  10 cane toads
  A dire elephant skeleton (Lair:5)
  4 freezing wraiths (IceCv)
  12 ice devils (IceCv)
  9 komodo dragons
  5 trolls
  A hornet (D:9)
  2 polar bears
  23 blink frogs
  3 spectral dream sheep (Lair:3)
  3 spectral elephants (Lair:5)
  5 dream sheep
  Sigmund (D:6)
  5 wyverns
  A vampire (D:10)
  60 yaks
  3 dire elephant simulacra (IceCv)
  3 basilisks
  2 wraiths
  5 humans (Lair:4)
  A steam dragon (Lair:2)
  11 vampire mosquitoes
  A spectral cane toad (Lair:5)
  4 death yak simulacra (IceCv)
  An acid dragon (D:10)
  19 water moccasins
  4 hydra simulacra (IceCv)
  A spectral hornet (D:7)
  3 ice beasts
  3 orc warriors
  An elephant zombie (Lair:5)
  2 ogres
  2 black bears (Lair:2)
  9 centaurs
  13 wolves
  2 phantoms
  2 kobold brigands
  A spectral basilisk (Lair:3)
  14 bullfrogs
  6 necrophages
  5 cane toad simulacra
  A two-headed ogre simulacrum (IceCv)
  3 scorpions
  2 gnoll sergeants
  13 wights
  A water moccasin skeleton (D:7)
  7 elephant simulacra
  8 killer bees
  An electric eel (Lair:3)
  A crimson imp (D:10)
  4 jellies
  4 orc priests
  Crazy Yiuf (D:5)
  3 hounds
  An iguana (D:5)
  9 orc wizards
  2 polar bear simulacra (IceCv)
  2 spriggan simulacra (IceCv)
  4 wolf simulacra (IceCv)
  A killer bee simulacrum (D:7)
  14 gnolls
  A howler monkey skeleton (D:7)
  7 adders
  A naga simulacrum (IceCv)
  2 white imps
  2 ufetubi
  2 worms (D:3)
  2 dart slugs
  39 orcs
  A ball python (D:2)
  4 bats
  6 endoplasms
  5 goblins
  2 quokkas
  11 kobolds
  6 rats
  A bush (Lair:2)
497 creatures vanquished.

Vanquished Creatures (others)
  50 fungi
  60 plants
  55 withered plants
165 creatures vanquished.

Grand Total: 662 creatures vanquished

Notes
Turn   | Place    | Note
-------+----------+-------------------------------------------
     0 | D:1      | Ijustatesigmund the Deep Elf Conjurer began the quest for
                  | the Orb.
     0 | D:1      | Reached XP level 1. HP: 10/10 MP: 6/6
   152 | D:1      | Found a faded altar of an unknown god.
   182 | D:1      | Found Zuonep's Assorted Antiques.
   212 | D:1      | Found Efoucug's Magic Scroll Emporium.
   522 | D:2      | Reached XP level 2. HP: 15/15 MP: 5/8
   525 | D:2      | Learned a level 2 spell: Searing Ray
   790 | D:2      | Reached XP level 3. HP: 19/19 MP: 8/10
  1577 | D:3      | Reached skill level 5 in Conjurations
  1599 | D:3      | Reached XP level 4. HP: 18/24 MP: 1/12
  1607 | D:3      | Reached skill level 1 in Fighting
  2025 | D:4      | Found a white marble altar of Elyvilon.
  2070 | D:4      | Identified the +1 battleaxe "Roinnusm" {speed, +Blink rElec
                  | Dex-2}
  2290 | D:4      | Noticed a necrophage
  2303 | D:4      | Killed a necrophage
  2304 | D:4      | Reached skill level 5 in Spellcasting
  2304 | D:4      | Reached XP level 5. HP: 29/29 MP: 1/14
  2978 | D:5      | Entered Level 5 of the Dungeon
  2978 | D:5      | Noticed a water moccasin
  2987 | D:5      | Killed a water moccasin
  2988 | D:5      | Reached XP level 6. HP: 34/34 MP: 7/17
  2994 | D:5      | Learned a level 5 spell: Irradiate
  3066 | D:5      | Gained mutation: You occasionally lose the ability to drink
                  | potions when taking damage. [potion of mutation]
  3067 | D:5      | Lost mutation: You occasionally lose the ability to drink
                  | potions when taking damage. [potion of mutation]
  3067 | D:5      | Gained mutation: You are vulnerable to heat. (rF-) [potion
                  | of mutation]
  3067 | D:5      | Gained mutation: You sometimes lose your temper in combat.
                  | [potion of mutation]
  3067 | D:5      | Gained mutation: Armour fits poorly on your strangely
                  | shaped body. [potion of mutation]
  3068 | D:5      | Lost mutation: Armour fits poorly on your strangely shaped
                  | body. [potion of mutation]
  3068 | D:5      | Lost mutation: You sometimes lose your temper in combat.
                  | [potion of mutation]
  3068 | D:5      | Gained mutation: You occasionally lose the ability to drink
                  | potions when taking damage. [potion of mutation]
  3068 | D:5      | Gained mutation: You have a pair of small horns on your
                  | head. [potion of mutation]
  3179 | D:5      | Noticed an ice beast
  3185 | D:5      | Killed an ice beast
  3186 | D:5      | Reached skill level 1 in Transmutations
  3241 | D:5      | Reached XP level 7. HP: 11/40 MP: 10/18
  3534 | D:5      | Lost mutation: You have a pair of small horns on your head.
                  | [potion of mutation]
  3534 | D:5      | Lost mutation: You are vulnerable to heat. (rF-) [potion of
                  | mutation]
  3534 | D:5      | Lost mutation: You occasionally lose the ability to drink
                  | potions when taking damage. [potion of mutation]
  3534 | D:5      | Gained mutation: Your muscles are strong. (Str +4, Int/Dex
                  | -1) [potion of mutation]
  3534 | D:5      | Gained mutation: You have sharp toenails. [potion of
                  | mutation]
  4178 | D:5      | Reached XP level 8. HP: 48/48 MP: 12/19
  4968 | D:5      | Found a runed translucent door.
  4969 | D:5      | Noticed Crazy Yiuf
  4975 | D:5      | Killed Crazy Yiuf
  4976 | D:5      | Reached skill level 5 in Transmutations
  5596 | D:6      | Noticed Sigmund
  5600 | D:6      | Killed Sigmund
  5894 | D:6      | Found a staircase to the Ecumenical Temple.
  5901 | Temple   | Entered the Ecumenical Temple
  6326 | Temple   | Became a worshipper of Vehumet
  6645 | D:7      | Found a broken altar of Ashenzari.
  6854 | D:7      | Reached XP level 9. HP: 45/52 MP: 15/23
  7153 | D:7      | Noticed a troll
  7158 | D:7      | Killed a troll
  7613 | D:7      | Upgraded the game from 0.30-a0-755-g0b50240ab4 to
                  | 0.30-a0-758-gc2c871d025
  7929 | D:7      | Reached skill level 10 in Spellcasting
  7990 | D:7      | Identified the +5 dagger "Ereilem" {pain, rF+ SInv}
  8005 | D:7      | Learned a level 5 spell: Agony
  8036 | D:8      | Reached skill level 1 in Necromancy
  8094 | D:8      | Reached skill level 2 in Necromancy
  8158 | D:8      | Reached * piety under Vehumet
  8158 | D:8      | Offered knowledge of Shock by Vehumet.
  8277 | D:8      | Reached skill level 3 in Necromancy
  8363 | D:8      | Found a staircase to the Lair.
  8364 | D:8      | Noticed a komodo dragon
  8386 | D:8      | Killed a komodo dragon
  8387 | D:8      | Reached XP level 10. HP: 31/56 MP: 17/26
  8671 | D:7      | Reached skill level 4 in Necromancy
  9284 | D:8      | Found a transporter.
  9286 | D:8      | Found a transporter.
  9288 | D:8      | Found a transporter.
  9294 | D:8      | Found a transporter.
  9743 | D:8      | Reached skill level 5 in Necromancy
 10002 | D:9      | Identified a scroll of acquirement
 10002 | D:9      | Acquired a book of the Spheres
 10010 | D:9      | Learned a level 5 spell: Fireball
 10018 | D:9      | Learned a level 7 spell: Orb of Destruction
 10189 | D:9      | Offered knowledge of Freeze by Vehumet.
 10199 | D:9      | Reached ** piety under Vehumet
 10200 | D:9      | Reached skill level 6 in Necromancy
 10200 | D:9      | Reached skill level 1 in Fire Magic
 10801 | D:9      | Found a staircase to the Orcish Mines.
 11157 | Orc:1    | Entered Level 1 of the Orcish Mines
 11516 | D:10     | Entered Level 10 of the Dungeon
 11600 | D:10     | Reached skill level 7 in Necromancy
 12218 | D:10     | Noticed an orange demon
 12228 | D:10     | Noticed Amaemon
 12239 | D:10     | Noticed Maurice
 12244 | D:10     | Killed an orange demon
 12244 | D:10     | Noticed Joseph
 12251 | D:10     | Killed Maurice
 12252 | D:10     | Reached skill level 1 in Armour
 12252 | D:10     | Reached XP level 11. HP: 60/60 MP: 7/29
 12539 | D:10     | Reached skill level 8 in Necromancy
 12812 | D:10     | Killed Amaemon
 13155 | D:10     | Offered knowledge of Scorch by Vehumet.
 13309 | D:11     | Found a portal to a secret trove of treasure.
 13310 | D:11     | Reached skill level 5 in Armour
 13589 | D:11     | Reached *** piety under Vehumet
 13627 | D:11     | Reached skill level 1 in Evocations
 13745 | D:11     | Reached skill level 5 in Fire Magic
 13855 | D:11     | Identified the +0 ring mail "Decifus" {+Inv rN++ Regen+
                  | Int+3}
 14311 | Lair:1   | Entered Level 1 of the Lair of Beasts
 14380 | Lair:1   | Identified the +4 quarterstaff of Tenacity {flame, rF- rN+
                  | rCorr Stlth+}
 14658 | Lair:1   | Found a frozen archway.
 14708 | IceCv    | Entered an ice cave
 14709 | IceCv    | Offered knowledge of Flame Wave by Vehumet.
 14719 | IceCv    | Learned a level 4 spell: Flame Wave
 15942 | IceCv    | Reached XP level 12. HP: 66/66 MP: 27/31
 16064 | IceCv    | Reached **** piety under Vehumet
 16259 | IceCv    | Reached skill level 9 in Necromancy
 16801 | IceCv    | Offered knowledge of Sticky Flame by Vehumet.
 17058 | IceCv    | Found an ancient bone altar of Kikubaaqudgha.
 17202 | IceCv    | Reached skill level 10 in Conjurations
 18364 | Lair:1   | Noticed a catoblepas
 18371 | Lair:1   | Killed a catoblepas
 19323 | Lair:2   | Reached skill level 10 in Necromancy
 19609 | Lair:2   | Noticed a death yak
 19620 | Lair:2   | Killed a death yak
 19621 | Lair:2   | Reached skill level 11 in Necromancy
 20134 | Lair:2   | Noticed an eight-headed hydra
 20139 | Lair:2   | Killed an eight-headed hydra
 20514 | Lair:2   | Noticed a death yak
 20528 | Lair:2   | Killed a death yak
 20529 | Lair:2   | Reached skill level 12 in Necromancy
 20671 | Lair:2   | Noticed a death yak
 20685 | Lair:2   | Killed a death yak
 20686 | Lair:2   | Reached skill level 15 in Spellcasting
 20686 | Lair:2   | Reached XP level 13. HP: 70/70 MP: 23/34
 21231 | Lair:2   | Reached skill level 13 in Necromancy
 22174 | Lair:3   | Found a hole to the Spider Nest.
 22526 | Lair:3   | Reached skill level 1 in Short Blades
 22724 | Lair:3   | Reached ***** piety under Vehumet
 22731 | Lair:3   | Reached skill level 14 in Necromancy
 22743 | Lair:3   | Offered knowledge of Lee's Rapid Deconstruction by Vehumet.
 24532 | Lair:3   | Found a staircase to the Swamp.
 25329 | Lair:4   | Reached skill level 15 in Necromancy
 25695 | Lair:4   | Found a viscous altar of Jiyva.
 25695 | Lair:4   | Found a staircase to the Slime Pits.
 25849 | Lair:4   | Reached XP level 14. HP: 76/76 MP: 36/36
 26122 | Lair:4   | Reached skill level 5 in Dodging
 26468 | Lair:3   | Offered knowledge of Starburst by Vehumet.
 26473 | Lair:3   | Reached skill level 5 in Fighting
 26565 | Lair:3   | Learned a level 6 spell: Starburst
 26847 | Lair:5   | Entered Level 5 of the Lair of Beasts
 26925 | Lair:5   | Reached skill level 16 in Necromancy
 27513 | Lair:5   | Noticed Urug
 27526 | Lair:5   | Killed Urug
 27532 | Lair:5   | Identified the +0 scale mail "Tattealo" {rElec rN+++ Regen+
                  | Str-2}
 28964 | Lair:5   | Reached skill level 17 in Necromancy
 31277 | Lair:5   | Learned a level 6 spell: Simulacrum
 31622 | Orc:2    | Entered Level 2 of the Orcish Mines
 31625 | Orc:2    | HP: 1/78 [orc warrior/+3 halberd[an orc knight] (15)]
 31625 | Orc:2    | Mangled by an orc warrior

Illustrated notes

Levels and vault maps discovered:
D:1:      spicycebolla_arrival_transporter_tutorial, layout_basic,
          ebering_ecumenical_altar_sacrificial, serial_shops, shop_fountains,
          nicolae_shop_overgrown_old_shop
D:2:      layout_loops_ring
D:3:      layout_rooms, nicolae_underground_beach
D:4:      layout_loops_ring, lemuel_doored_altar, wad_orctagon
D:5:      layout_layer_cave, uniq_crazy_yiuf_cottage
D:6:      layout_loops_ring, minmay_temple_entry_hall, uniq_sigmund
D:7:      layout_loops_ring, mainiacjoe_overflow_chevrons,
          dilly_guarded_unrand_morg
D:8:      layout_rooms, david_lair_shrubbed, minivault_11,
          hangedman_abyss_or_decor_stagger, nicolae_diode_quadrants
D:9:      layout_basic, orc_0_dummy, grunt_ministairs_11
D:10:     layout_long_grid, minmay_fire_ice_demons, uniq_maurice, uniq_amaemon,
          uniq_joseph
D:11:     layout_cave_pools, trove_entry_hex_spiral
Temple:   mainiacjoe_temple_big_plus
Lair:1:   layout_layer_cave, portal_ice_cave_entry_pillars_2
Lair:2:   layout_chaotic_city, grunt_megastairs_1
Lair:3:   layout_chaotic_city, nicolae_swamp_entry_spooky,
          spider_nest_entry_web_field, guppyfry_lair_drakes,
          serial_bayou_shore_a, grunt_megastairs_3
Lair:4:   slaughterhouse, layout_regular_city, dpeg_slime_entry_enclosed,
          serial_rivers, chequers_serial_rivers_micro_c,
          chequers_serial_rivers_micro_e, chequers_serial_rivers_large_a,
          chequers_serial_rivers_marsh, chequers_serial_rivers_small_3,
          chequers_serial_rivers_small_a, pond
Lair:5:   due_jungle_book, layout_small_grid, nicolae_volcano_entry_lava_flow,
          infiniplex_staircase_pool, uniq_urug
Orc:1:    layout_caves
Orc:2:    grunt_orc_tribal_feast, layout_diamond_mine, mines5_lemuel

Skill      XL: |  1  2  3  4  5  6  7  8  9 10 11 12 13 14 |
---------------+-------------------------------------------+-----
Dodging        | 3 4 8 |  8.8
Spellcasting   | 4 5 6 8 10 12 13 15 16 | 16.6
Conjurations   | 5 6 8 9 11 12 13 | 13.0
Fighting       | 1 2 3 4 5 |  5.0
Transmutations | 2 4 6 8 9 |  9.3
Necromancy     | 3 7 8 12 15 17 | 17.9
Fire Magic     | 4 5 6 9 |  9.2
Armour         | 1 5 |  5.1
Evocations     | 3 4 |  4.3
Short Blades   | 3 |  3.0
Stealth        | |  2.4
Ice Magic      | |  0.1

Action                     |  1- 3 |  4- 6 |  7- 9 | 10-12 | 13-15 || total
---------------------------+-------+-------+-------+-------+-------++-------
  Melee: Short sword       |    11 |    10 |    19 |       |       ||    40
         Punch             |       |       |     1 |     1 |     4 ||     6
         Dagger            |       |       |       |    27 |   234 ||   261
   Cast: Magic Dart        |    58 |    34 |   138 |   115 |    82 ||   427
         Searing Ray       |       |    11 |    51 |    72 |    43 ||   177
         Irradiate         |       |       |     6 |    26 |    35 ||    67
         Fireball          |       |       |       |   117 |   101 ||   218
         Flame Wave        |       |       |       |     8 |     1 ||     9
         Orb of Destructio |       |       |       |     8 |    57 ||    65
         Agony             |       |       |       |       |    12 ||    12
         Starburst         |       |       |       |       |    23 ||    23
  Evoke: Wand              |       |       |       |    14 |     3 ||    17
    Use: Scroll            |     7 |     3 |     4 |    16 |     1 ||    31
         Potion            |       |     3 |     5 |     7 |     3 ||    18
   Stab: Sleeping          |       |       |       |     1 |       ||     1
 Armour: Robe              |     2 |     8 |    33 |    35 |       ||    78
         Skin              |       |       |     6 |       |       ||     6
         Troll leather arm |       |       |       |    45 |   130 ||   175
  Dodge: Dodged            |     6 |    17 |    44 |   121 |   207 ||   395

Table legend: (Time is in decaauts)
 A = Elapsed time spent in this place.
 B = Non-inter-level travel time spent in this place.
 C = Inter-level travel time spent in this place.
 D = Time resting spent in this place.
 E = Time spent auto-exploring this place.
 F = Levels seen in this place.
 G = Mean time per level.
                   A        B        C        D        E       F      G
               +--------+--------+--------+--------+--------+-----+--------+
         Total |  31662 |  30631 |   1031 |  14235 |  12825 |  20 | 1583.1 |
       Dungeon |  13972 |  13286 |    686 |   4427 |   7210 |  11 | 1270.2 |
        Temple |    447 |    390 |     57 |      0 |    383 |   1 |  447.0 |
          Lair |  13569 |  13284 |    285 |   6882 |   4850 |   5 | 2713.8 |
  Orcish Mines |    153 |    151 |      2 |      0 |    131 |   2 |   76.5 |
      Ice Cave |   3519 |   3519 |      0 |   2926 |    251 |   1 | 3519.0 |
               +--------+--------+--------+--------+--------+-----+--------+

Top non-repeatable levels by time:
  Lair:5: 4230 daAuts
   IceCv: 3519 daAuts
  Lair:2: 2796 daAuts
  Lair:3: 2683 daAuts
  Lair:4: 2111 daAuts
     D:5: 2091 daAuts
     D:7: 2002 daAuts
     D:9: 1830 daAuts
  Lair:1: 1747 daAuts
    D:10: 1562 daAuts
    D:11: 1161 daAuts
     D:8: 1146 daAuts
     D:6: 1134 daAuts
     D:4: 1054 daAuts
     D:2: 746 daAuts
